 Dungeon Crawl Stone Soup version 0.27.1 (console) character file.

Game seed: 17260710284953411424

285 thromnambular the Magician (level 6, -3/47 HPs)
             Began as a Gnoll Wanderer on Aug 27, 2021.
             Was an Initiate of Uskayaw.
             Splashed by a jelly's acid (9 damage)
             ... on level 3 of the Dungeon on Aug 28, 2021.
             The game lasted 00:14:33 (4057 turns).

thromnambular the Magician (Gnoll Wanderer)         Turns: 4057, Time: 00:14:34

Health: -3/47      AC: -10   Str: 11    XL:     6   Next: 29%
Magic:  0/16       EV: 12    Int: 14    God:    Uskayaw [......]
Gold:   133        SH:  0    Dex: 13    Spells: 18/19 levels left

rFire    . . .     SeeInvis .   a - +2 dagger
rCold    . . .     Faith    .   (no shield)
rNeg     . . .     Spirit   +   d - +0 robe
rPois    .         Reflect  .   (no helmet)
rElec    .         Harm     .   (no cloak)
rCorr    .         Rampage  .   (no gloves)
Will     .....                  (no boots)
Stlth    +++.......             i - amulet of guardian spirit
HPRegen  0.15/turn              h - ring of flight
MPRegen  0.15/turn              (no ring)

@: corroded, flying
A: fangs 1, strong nose, distributed training, clever 1, deformed body
a: Renounce Religion


You were on level 3 of the Dungeon.
You worshipped Uskayaw.
Uskayaw was noncommittal.
You visited 1 branch of the dungeon, and saw 3 of its levels.

You collected 133 gold pieces.

Inventory:

Hand Weapons
 a - a +2 dagger (weapon)
 b - a +0 short sword
 c - a +0 spear
Missiles
 n - 7 datura-tipped darts (quivered)
Armour
 d - a +0 robe (worn)
Jewellery
 h - a ring of flight (left hand)
 i - an amulet of guardian spirit (around neck)
Scrolls
 f - 2 scrolls of identify
 g - a scroll of fear


   Skills:
 + Level 3.2 Fighting
 + Level 1.9 Short Blades
 + Level 1.9 Long Blades
 + Level 1.9 Axes
 + Level 1.9 Maces & Flails
 + Level 1.9 Polearms
 + Level 1.9 Staves
 + Level 1.9 Slings
 + Level 1.9 Bows
 + Level 1.9 Crossbows
 + Level 3.2 Throwing
 + Level 1.9 Armour
 + Level 1.9 Dodging
 + Level 4.5 Stealth
 + Level 1.9 Shields
 + Level 1.9 Unarmed Combat
 + Level 7.4 Spellcasting
 + Level 1.5 Conjurations
 + Level 1.5 Hexes
 + Level 2.6 Summonings
 + Level 2.6 Necromancy
 + Level 1.5 Translocations
 + Level 1.5 Transmutations
 + Level 1.5 Fire Magic
 + Level 1.5 Ice Magic
 + Level 1.5 Air Magic
 + Level 1.5 Earth Magic
 + Level 1.5 Poison Magic
 + Level 2.1 Invocations
 + Level 3.2 Evocations


You had 18 spell levels left.
You knew the following spells:

 Your Spells              Type           Power      Damage    Failure   Level
a - Summon Small Mammal   Summ           48%        N/A       4%          1

Your spell library contained the following spells:

 Spells                   Type           Power      Damage    Failure   Level
 Call Canine Familiar     Summ           12%        N/A       14%         3


Dungeon Overview and Level Annotations

Branches:
Dungeon (3/15)

Altars:
Hepliaklqana
Nemelex Xobeh
Uskayaw


Innate Abilities, Weirdness & Mutations

You have very sharp teeth.
Your uncanny sense of smell can sniff out nearby items.
Your experience applies equally to all skills.
Your mind is acute. (Int +2)
Armour fits poorly on your strangely shaped body.


Message History

The jelly hits you but does no damage.
The jelly hits the endoplasm.
The endoplasm hits the jelly.
The jelly hits the endoplasm.
The jelly hits the endoplasm.
The endoplasm hits the jelly.
The jelly hits the endoplasm.
The endoplasm dies!
There is an open door here.
The jelly hits you. The acid corrodes you!
You are splashed with acid!
You can't see any enemies this would affect, really read the scroll of fear?
Okay, then.
Okay, then.
Unknown command.
The jelly hits you.
You are splashed with acid!
You stomp with the beat, sending a shockwave through the revellers around you!
The jelly is heavily wounded.
You can no longer stomp with the beat.
The jelly closely misses you. The jelly hits you. The acid corrodes you!
You are splashed with acid.
* * * LOW HITPOINT WARNING * * *
Okay, then.
Okay, then.
Unknown command.
Okay, then.
Unknown command.
You aren't carrying any items that you can evoke without wielding.
Really quaff the potion of mutation?
You feel extremely strange.
You feel clever.
Your body twists and deforms.
The jelly closely misses you.
The jelly refuses to make way for you. (Use ctrl+direction or * direction to attack.) Unknown command.
The jelly hits you.
* * * LOW HITPOINT WARNING * * *
The acid corrodes you!
You are splashed with acid!
* * * LOW HITPOINT WARNING * * *
The jelly misses you. The jelly hits you.
* * * LOW HITPOINT WARNING * * *
The acid corrodes you!
You are splashed with acid!
You die...

############ #.)#
##$.....##.#########)##
##P.....#.#.#....###).#
##......#J#.#.....##..##
##P..÷..#(#'#......'...#
##.÷...J#.#........'...#
##.÷..PJ#(#........'.#.#
##...÷J.#)#.......##.#.#
##P..P..'##....J@#####.#
##÷....J############)#..
######### #######..##.
#############........# .#
)....................#
.......#...#.........#
...................#########
#...#..............#....#..#
#..(...............#....#..#


You could see a neutral jelly (fast, strong, insane).

Vanquished Creatures
  A scorpion (D:3)
  An orc priest (D:3)
  A jelly (D:3)
  An iguana (D:3)
  4 gnolls (D:2)
  2 adders
  5 worms
  3 dart slugs
  2 orcs (D:2)
  6 ball pythons
  10 endoplasms
  4 giant cockroaches
  2 goblins
  3 hobgoblins
  15 kobolds
  6 frilled lizards
  8 rats
74 creatures vanquished.

Vanquished Creatures (collateral kills)
  An endoplasm (D:3)
1 creature vanquished.

Vanquished Creatures (others)
  A fungus (D:3)
  12 toadstools (D:3)
13 creatures vanquished.

Grand Total: 88 creatures vanquished

Notes
Turn   | Place    | Note
-------+----------+-------------------------------------------
     0 | D:1      | thromnambular the Gnoll Wanderer began the quest for the
                  | Orb.
     0 | D:1      | thromnambular set off with the following items: a +2
                  | dagger, 2 curare-tipped darts, a +0 spear, a +0 robe; and
                  | the following spell memorised: Summon Small Mammal; and the
                  | following spells available to memorise: Call Canine
                  | Familiar
     0 | D:1      | Reached XP level 1. HP: 17/17 MP: 8/8
   302 | D:1      | Reached XP level 2. HP: 23/23 MP: 10/10
   924 | D:1      | Reached XP level 3. HP: 28/28 MP: 11/11
  1073 | D:2      | Reached skill level 1 in Invocations
  1099 | D:2      | Reached skill level 1 in Short Blades
  1099 | D:2      | Reached skill level 1 in Long Blades
  1099 | D:2      | Reached skill level 1 in Axes
  1099 | D:2      | Reached skill level 1 in Maces & Flails
  1099 | D:2      | Reached skill level 1 in Polearms
  1099 | D:2      | Reached skill level 1 in Staves
  1099 | D:2      | Reached skill level 1 in Slings
  1099 | D:2      | Reached skill level 1 in Bows
  1099 | D:2      | Reached skill level 1 in Crossbows
  1099 | D:2      | Reached skill level 1 in Armour
  1099 | D:2      | Reached skill level 1 in Dodging
  1099 | D:2      | Reached skill level 1 in Shields
  1099 | D:2      | Reached skill level 1 in Unarmed Combat
  1188 | D:2      | Reached XP level 4. HP: 30/34 MP: 11/13
  1364 | D:2      | Found a hazy altar of Hepliaklqana.
  1839 | D:2      | Reached skill level 1 in Conjurations
  1839 | D:2      | Reached skill level 1 in Hexes
  1839 | D:2      | Reached skill level 1 in Translocations
  1839 | D:2      | Reached skill level 1 in Transmutations
  1839 | D:2      | Reached skill level 1 in Fire Magic
  1839 | D:2      | Reached skill level 1 in Ice Magic
  1839 | D:2      | Reached skill level 1 in Air Magic
  1839 | D:2      | Reached skill level 1 in Earth Magic
  1839 | D:2      | Reached skill level 1 in Poison Magic
  2069 | D:2      | Found a faded altar of an unknown god.
  2072 | D:2      | Became a worshipper of Uskayaw the Reveller
  2072 | D:2      | Reached * piety under Uskayaw
  2093 | D:2      | Noticed Natasha
  2173 | D:3      | Found a sparkling altar of Nemelex Xobeh.
  2432 | D:3      | Reached XP level 5. HP: 20/40 MP: 6/14
  2631 | D:3      | Reached ** piety under Uskayaw
  3137 | D:3      | Reached XP level 6. HP: 42/44 MP: 16/16
  4054 | D:3      | Gained mutation: Your mind is acute. (Int +2) [potion of
                  | mutation]
  4054 | D:3      | Gained mutation: Armour fits poorly on your strangely
                  | shaped body. [potion of mutation]
  4057 | D:3      | Splashed by a jelly's acid

Illustrated notes

Levels and vault maps discovered:
D:1:      giann_wishing_wells, layout_loops_cross
D:2:      layout_basic, basic_altar, shapermc_ecumenical_altar_mp_urbaneastern,
          hangedman_abyss_or_decor_stabs, bh_walls_and_bars, uniq_natasha
D:3:      cheibrodos_fertilizer, layout_rooms, marbit_many_paths,
          chequers_decorated_corner, kennysheep_generic_room_14

Skill      XL: |  1  2  3  4  5 |
---------------+----------------+-----
Summonings     | 2 |  2.6
Necromancy     | 2 |  2.6
Invocations    | 1 2 |  2.1
Short Blades   | 1 |  1.9
Long Blades    | 1 |  1.9
Axes           | 1 |  1.9
Maces & Flails | 1 |  1.9
Polearms       | 1 |  1.9
Staves         | 1 |  1.9
Slings         | 1 |  1.9
Bows           | 1 |  1.9
Crossbows      | 1 |  1.9
Armour         | 1 |  1.9
Dodging        | 1 |  1.9
Shields        | 1 |  1.9
Unarmed Combat | 1 |  1.9
Conjurations   | 1 |  1.5
Hexes          | 1 |  1.5
Translocations | 1 |  1.5
Transmutations | 1 |  1.5
Fire Magic     | 1 |  1.5
Ice Magic      | 1 |  1.5
Air Magic      | 1 |  1.5
Earth Magic    | 1 |  1.5
Poison Magic   | 1 |  1.5
Fighting       | 3 |  3.2
Throwing       | 3 |  3.2
Evocations     | 3 |  3.2
Stealth        | |  4.5
Spellcasting   | |  7.4

Action                   |  1- 3 |  4- 6 || total
-------------------------+-------+-------++-------
Melee: Dagger            |    64 |   134 ||   198
       Bite              |     6 |    13 ||    19
       Short sword       |       |     4 ||     4
Throw: Dart              |     3 |    12 ||    15
Invok: Stomp             |       |     1 ||     1
  Use: Scroll            |       |     8 ||     8
       Potion            |       |     3 ||     3
 Stab: Sleeping          |     3 |    13 ||    16
Armor: Robe              |     7 |    15 ||    22
Dodge: Dodged            |    31 |    68 ||    99
